 Dungeon Crawl Stone Soup version 0.21-a0-380-gd65dc97 (webtiles) character file.

51482 tof the Tortoise (level 14, -12/129 HPs)
             Began as a Minotaur Monk on Oct 17, 2017.
             Was the Champion of Wu Jian.
             Hit by a large rock thrown by a stone giant (30 damage)
             ... on level 2 of the Orcish Mines.
             The game lasted 01:02:18 (21511 turns).

tof the Tortoise (Minotaur Monk)                   Turns: 21511, Time: 01:02:19

Health: -12/129    AC: 35    Str: 24    XL:     14   Next: 23%
Magic:  0/13       EV: 15    Int:  4    God:    Wu Jian [******]
Gold:   2066       SH:  0    Dex: 16    Spells: 13/13 levels left

rFire    + . .     SeeInvis .   F - +9 hand axe (vamp)
rCold    . . .     Gourm    .   (no shield)
rNeg     . . .     Faith    +   K - +10 plate armour
rPois    +         Spirit   +   (helmet restricted)
rElec    .         Reflect  .   E - scarf {Spirit}
rCorr    .         Harm     .   e - +2 pair of gloves
MR       +++..     Clarity  +   O - +0 pair of boots
Stlth    ..........             r - amulet of Satyriasis {Faith rPois rF+ MR+ Int-3}
HPRegen  0.31/turn              L - +4 ring of strength
MPRegen  0.13/turn              b - +2 ring of dexterity

@: drained
A: retaliatory headbutt, horns 2, thin metallic scales 1, blink, clarity, magic
resistance 1, wild magic 1
a: Blink, Serpent's Lash, Heavenly Storm, Renounce Religion


You were on level 2 of the Orcish Mines.
You worshipped Wu Jian.
Wu Jian was exalted by your worship.
You were hungry.

You visited 4 branches of the dungeon, and saw 19 of its levels.

You collected 2342 gold pieces.
You spent 276 gold pieces at shops.

Inventory:

Hand Weapons
 F - a +9 vampiric hand axe (weapon)
 P - a +4 war axe
Missiles
 s - 8 poisoned javelins
 t - 13 curare-tipped needles
 w - 12 tomahawks (quivered)
Armour
 e - a +2 pair of gloves (worn)
 E - a scarf of spirit shield (worn)
 K - a +10 plate armour (worn)
 O - a +0 pair of boots (worn)
Jewellery
 a - an uncursed amulet of the gourmand
 b - a +2 ring of dexterity (right hand)
 r - the amulet of Satyriasis (around neck) {Faith rPois rF+ MR+ Int-3}
   (You found it on level 5 of the Lair of Beasts)

   [amulet of faith]

   It allows you to gain divine favour quickly.
   It affects your intelligence (-3).
   It protects you from fire.
   It protects you from poison.
   It affects your resistance to hostile enchantments.
 y - an uncursed ring of resist corrosion
 L - a +4 ring of strength (left hand)
 T - an uncursed ring of poison resistance
Wands
 i - a wand of flame (27/48)
 o - a wand of acid (5/15)
 D - a wand of digging (10/24)
 Q - a wand of paralysis (5/24)
Scrolls
 l - 5 scrolls of enchant armour
 p - 7 scrolls of remove curse
 q - 2 scrolls of teleportation
 u - 5 scrolls of magic mapping
 v - 3 scrolls of fog
 H - a scroll of summoning
 V - a scroll of enchant weapon
 Y - a scroll of fear
Potions
 d - 3 potions of curing
 f - 3 potions of cancellation
 h - a potion of invisibility
 j - 2 potions of brilliance
 k - 2 potions of ambrosia
 x - 4 potions of resistance
 z - 3 potions of agility
 A - 4 potions of lignification
 B - 2 potions of heal wounds
 C - a potion of flight
 I - 3 potions of berserk rage
 R - a potion of haste {unknown}
 U - a potion of might {unknown}
Books
 n - a book of Air

   Spells                             Type                      Level
   a - Shock                          Conjuration/Air              1
   b - Swiftness                      Charms/Air                   2
   c - Static Discharge               Conjuration/Air              3
   d - Airstrike                      Air                          4
   e - Lightning Bolt                 Conjuration/Air              5
 M - the Disquisition on Excruciating Clay
   (You found it on level 6 of the Lair of Beasts)

   Spells                             Type                      Level
   a - Sting                          Conjuration/Poison           1
   b - Bolt of Magma                  Conjuration/Fire/Earth       5
   c - Irradiate                      Conjuration/Transmutation    5
   d - Shatter                        Earth                        9
Miscellaneous
 J - a phial of floods
 Z - a fan of gales
Comestibles
 c - 5 bread rations
 g - 13 meat rations
 m - 23 royal jellies
 G - 18 fruits
 N - 10 chunks of flesh


   Skills:
 + Level 13.4(13.0) Fighting
 - Level 14.0(13.6) Axes
 * Level 17.6(17.2) Armour
 + Level 12.5(12.1) Dodging
 - Level 1.5(1.2) Stealth


You had 13 spell levels left.
You didn't know any spells.

Dungeon Overview and Level Annotations

Branches:
Dungeon (10/15)            Temple (1/1) D:7            Lair (6/6) D:9
 Shoals (0/4) Lair:3       Spider (0/4) Lair:2        Slime (0/5) Lair:5
    Orc (2/2) D:10            Elf (0/3) Orc:2

Altars:
Ashenzari
Cheibriados
Dithmenos
Elyvilon
Fedhas
Gozag
Hepliaklqana
Kikubaaqudgha
Makhleb
Nemelex Xobeh
Okawaru
Qazlal
Ru
Sif Muna
Trog
Uskayaw
Vehumet
Wu Jian
Xom
Yredelemnul
Zin
The Shining One
Beogh
Jiyva

Shops:
D:5 !   D:8 *

Portals:
Hell: Lair:6

Annotations:
Lair:5 1 runed door
Lair:6 exclusion: ice statue
Orc:2 Saint Roka


Innate Abilities, Weirdness & Mutations

You reflexively headbutt those who attack you in melee.
You have a pair of horns on your head.
You are partially covered in thin metallic scales. (AC +2)
You can translocate small distances at will.
You possess an exceptional clarity of mind.
You are resistant to hostile enchantments. (MR+)
Your spells are a little harder to cast, but a little more powerful.


Message History

You spin and attack the orc warrior repeatedly.
You slash the orc warrior!
The orc warrior is heavily wounded.
You hit the orc warrior.
You feel better.
You headbutt the orc warrior, but do no damage.
The orc warrior is severely wounded.
Your surroundings suddenly seem different.
An orc wizard comes into view. It is wielding a dagger.
The orc wizard shouts!
You hear a shout! x5
The orc wizard misses you.
You hear a shout! x2
An orc comes into view. It is wielding a flail.
You spin and attack the orc wizard repeatedly.
You hit the orc wizard.
You feel better.
You headbutt the orc wizard.
The orc wizard is heavily wounded.
You miss the orc wizard.
The orc wizard is heavily wounded.
A stone giant comes into view.
The stone giant throws a large rock.
The large rock hits you!!
You die...

.......... .#......##...
....# ........#.#..#...#.
### ...#..............
#... ....#.............
.....##................#
......'...............#
#...............#
#@o..........[..# .
#...........))..# ..
##.........#..)รท..#
...#####.....#.......)...#
...........o##...)..)..#
#.....................#
##......#........))....#
#.C.....###............##
.o......##.##
###...<.......#


You could see a stone giant, an orc wizard and an orc.

Vanquished Creatures
  Snorg (D:10)
  Erolcha (D:10)
  6 hydras
  A hell beast (Lair:6)
  5 two-headed ogres
  2 orc high priests
  Sonja (Lair:2)
  Nergalle (Lair:3)
  A wizard (Lair:6)
  2 orc knights
  3 orc sorcerers
  An ugly thing (D:10)
  7 oklob plants
  4 elephants
  3 merfolk sirens (Lair:3)
  Joseph (D:10)
  3 black mambas
  Psyche (D:10)
  A smoke demon (Lair:6)
  2 orange demons (Lair:6)
  7 spiny frogs
  9 komodo dragons
  4 rime drakes
  An ice devil (Lair:6)
  A freezing wraith (Lair:6)
  5 trolls
  A queen bee (D:10)
  A merfolk (Lair:3)
  2 red devils (Lair:6)
  2 polar bears
  2 hornets
  Prince Ribbit (D:9)
  8 hippogriffs
  4 dream sheep
  A redback (Lair:2)
  2 basilisks
  A wyvern (D:10)
  25 yaks
  2 hogs (D:8)
  A human (D:8)
  Edmund (D:6)
  3 wargs
  4 hell hounds (Lair:6)
  5 porcupines
  26 orc warriors
  11 water moccasins
  2 sky beasts
  11 ice beasts
  2 black bears
  A phantom (D:6)
  13 ogres
  7 wolves
  3 centaurs
  10 crocodiles
  A big kobold (D:9)
  15 bullfrogs
  A gnoll sergeant (D:7)
  Blork the orc (D:4)
  A wyvern zombie (D:10)
  2 scorpions
  25 killer bees
  4 wights (D:9)
  5 howler monkeys
  A bullfrog zombie (D:7)
  3 crimson imps
  A centaur zombie (D:6)
  A jelly (D:5)
  20 orc priests
  3 hounds
  2 bullfrog skeletons
  An iguana (D:9)
  3 worker ants
  22 orc wizards
  2 hound zombies
  2 hound skeletons
  A howler monkey zombie (D:10)
  Robin (D:4)
  12 gnolls
  6 adders
  A shadow imp (D:9)
  A white imp (Lair:6)
  An ooze (D:1)
  2 adder zombies
  2 worms
  A dart slug (D:1)
  3 leopard geckos
  100 orcs
  5 bats
  5 giant cockroaches
  12 goblins
  9 hobgoblins
  12 jackals
  4 quokkas
  5 ball pythons
  3 frilled lizards (D:1)
  11 kobolds
  A quokka skeleton (D:7)
  11 rats
  2 plants (Lair:1)
553 creatures vanquished.

Vanquished Creatures (others)
  An orc warrior (Orc:2)
  An orc (Orc:2)
  6 fungi
  6 plants
14 creatures vanquished.

Grand Total: 567 creatures vanquished

Notes
Turn   | Place    | Note
-------+----------+-------------------------------------------
     0 | D:1      | tof the Minotaur Monk began the quest for the Orb.
     0 | D:1      | Reached XP level 1. HP: 19/19 MP: 0/0
    76 | D:1      | Reached skill level 1 in Armour
   100 | D:1      | Reached XP level 2. HP: 25/27 MP: 1/1
   433 | D:1      | Reached XP level 3. HP: 31/33 MP: 2/2
   736 | D:2      | Reached skill level 2 in Armour
  1160 | D:2      | Found a stormy altar of Qazlal.
  1690 | D:3      | Reached XP level 4. HP: 40/40 MP: 3/3
  1930 | D:3      | Reached skill level 3 in Armour
  1977 | D:3      | Reached skill level 5 in Axes
  2034 | D:3      | Reached XP level 5. HP: 46/46 MP: 4/4
  2638 | D:4      | Noticed an ogre
  2643 | D:4      | Killed an ogre
  2643 | D:4      | Reached skill level 4 in Armour
  2643 | D:4      | Reached XP level 6. HP: 22/53 MP: 5/5
  3114 | D:4      | Noticed Blork the orc
  3138 | D:4      | Killed Blork the orc
  3163 | D:4      | Noticed Robin
  3172 | D:4      | Killed Robin
  3463 | D:5      | Entered Level 5 of the Dungeon
  3477 | D:5      | Noticed a sky beast
  3500 | D:5      | Killed a sky beast
  3500 | D:5      | Reached skill level 5 in Fighting
  3500 | D:5      | Reached XP level 7. HP: 42/61 MP: 6/6
  3504 | D:5      | Gained mutation: You are frail. (-10% HP) [mutagenic meat]
  3720 | D:5      | Reached skill level 5 in Armour
  3791 | D:5      | Found Nuofous's Distillery.
  3799 | D:5      | Bought a potion of brilliance for 52 gold pieces
  3799 | D:5      | Bought a potion of berserk rage for 65 gold pieces
  3799 | D:5      | Bought a potion of curing for 39 gold pieces
  3974 | D:5      | Reached skill level 5 in Dodging
  4179 | D:6      | Reached skill level 6 in Armour
  4271 | D:6      | Reached XP level 8. HP: 63/63 MP: 7/7
  4347 | D:6      | Noticed Edmund
  4361 | D:6      | Killed Edmund
  4498 | D:6      | Reached skill level 7 in Armour
  4706 | D:6      | Reached skill level 8 in Armour
  4706 | D:6      | Reached XP level 9. HP: 70/70 MP: 8/8
  4712 | D:6      | Gained mutation: You expend magic power (3 MP) to strengthen your wands. [mutagenic meat]
  4713 | D:6      | Gained mutation: You are weak. (Str -2) [mutagenic meat]
  4714 | D:6      | Gained mutation: Armour fits poorly on your strangely shaped body. [mutagenic meat]
  5107 | D:6      | Lost mutation: You are frail. (-10% HP) [potion of mutation]
  5107 | D:6      | Lost mutation: You expend magic power (3 MP) to strengthen your wands. [potion of mutation]
  5107 | D:6      | Lost mutation: You are weak. (Str -2) [potion of mutation]
  5107 | D:6      | Gained mutation: You are partially covered in molten scales. (AC +2) [potion of mutation]
  5107 | D:6      | Gained mutation: You are agile. (Dex +2) [potion of mutation]
  5107 | D:6      | Lost mutation: You are agile. (Dex +2) [potion of mutation]
  5107 | D:6      | Gained mutation: You can translocate small distances at will. [potion of mutation]
  5108 | D:6      | Lost mutation: Armour fits poorly on your strangely shaped body. [potion of mutation]
  5108 | D:6      | Gained mutation: You occasionally shout uncontrollably at your foes. [potion of mutation]
  5108 | D:6      | Lost mutation: You are partially covered in molten scales. (AC +2) [potion of mutation]
  5108 | D:6      | Gained mutation: You possess an exceptional clarity of mind. [potion of mutation]
  5306 | D:7      | Found a staircase to the Ecumenical Temple.
  5324 | Temple   | Entered the Ecumenical Temple
  5494 | Temple   | Became a worshipper of the Wu Jian Council
  5494 | Temple   | Reached * piety under Wu Jian
  5494 | Temple   | Reached ** piety under Wu Jian
  6528 | D:8      | Reached skill level 9 in Armour
  6554 | D:8      | Noticed a two-headed ogre
  7116 | D:8      | Reached skill level 10 in Axes
  7261 | D:8      | Killed a two-headed ogre
  7502 | D:8      | Noticed a two-headed ogre
  7642 | D:8      | Found Jukk's Assorted Antiques.
  7646 | D:8      | Bought a scroll of identify for 60 gold pieces
  7646 | D:8      | Bought a scroll of identify for 60 gold pieces
  7703 | D:8      | Killed a two-headed ogre
  7703 | D:8      | Reached skill level 10 in Armour
  7703 | D:8      | Reached XP level 10. HP: 79/88 MP: 6/9
  7850 | D:8      | Paralysed by a hornet for 2 turns
  8279 | D:9      | Found a staircase to the Lair.
  8295 | D:9      | Noticed Prince Ribbit
  8304 | D:9      | Reached *** piety under Wu Jian
  8327 | D:9      | Reached skill level 11 in Armour
  8663 | D:9      | Killed Prince Ribbit
  8805 | D:9      | Noticed a two-headed ogre
  8846 | D:9      | Killed a two-headed ogre
  8846 | D:9      | Reached XP level 11. HP: 97/97 MP: 10/10
  9116 | D:10     | Entered Level 10 of the Dungeon
  9116 | D:10     | Noticed Psyche
  9116 | D:10     | Noticed Erolcha
  9130 | D:10     | Killed Psyche
  9136 | D:10     | Killed Erolcha
  9255 | D:10     | Found a staircase to the Orcish Mines.
  9312 | D:10     | Noticed a two-headed ogre
  9317 | D:10     | Noticed a brown ugly thing
  9333 | D:10     | Killed a two-headed ogre
  9333 | D:10     | Reached skill level 12 in Armour
  9338 | D:10     | Killed a brown ugly thing
  9458 | D:10     | Noticed Snorg
  9475 | D:10     | Killed Snorg
 10014 | D:10     | Reached **** piety under Wu Jian
 10115 | D:10     | Noticed a two-headed ogre
 10126 | D:10     | Killed a two-headed ogre
 10126 | D:10     | Reached skill level 10 in Fighting
 10184 | D:10     | Noticed Joseph
 10195 | D:10     | Killed Joseph
 10251 | D:10     | Reached skill level 13 in Armour
 10689 | Lair:1   | Entered Level 1 of the Lair of Beasts
 11043 | Lair:1   | Noticed an oklob plant
 11044 | Lair:1   | Noticed an oklob plant
 11119 | Lair:1   | Noticed an oklob plant
 11175 | Lair:1   | Reached XP level 12. HP: 107/107 MP: 11/11
 12256 | Lair:2   | Reached skill level 10 in Dodging
 12288 | Lair:2   | Reached skill level 14 in Armour
 12421 | Lair:2   | Noticed a seven-headed hydra
 12950 | Lair:2   | Found a hole to the Spider Nest.
 13020 | Lair:2   | Killed a 19-headed hydra
 13337 | Lair:2   | Noticed Sonja
 13607 | Lair:2   | Killed Sonja
 14262 | Lair:3   | Noticed Nergalle
 14288 | Lair:3   | Killed Nergalle
 14791 | Lair:3   | Found a staircase to the Shoals.
 15216 | Lair:4   | Reached skill level 15 in Armour
 15740 | Lair:4   | You fall through a shaft for 2 floors!
 15740 | Lair:6   | Entered Level 6 of the Lair of Beasts
 16022 | Lair:5   | Got a transparent brass amulet
 16024 | Lair:5   | Identified the amulet of Satyriasis {Faith rPois rF+ MR+ Int-3} (You found it on level 5 of the Lair of Beasts)
 16124 | Lair:5   | Found a runed door.
 16126 | Lair:5   | Found a viscous altar of Jiyva.
 16135 | Lair:5   | Found a staircase to the Slime Pits.
 16135 | Lair:5   | Noticed an acid blob
 16152 | Lair:5   | Noticed a seven-headed hydra
 16170 | Lair:5   | Killed a 19-headed hydra
 16170 | Lair:5   | Reached XP level 13. HP: 30/117 MP: 12/12
 16573 | Lair:5   | Identified a scroll of acquirement
 17062 | Lair:5   | Lost mutation: You occasionally shout uncontrollably at your foes. [potion of mutation]
 17062 | Lair:5   | Lost mutation: You possess an exceptional clarity of mind. [potion of mutation]
 17062 | Lair:5   | Gained mutation: You are resistant to hostile enchantments. (MR+) [potion of mutation]
 17062 | Lair:5   | Gained mutation: Your spells are a little harder to cast, but a little more powerful. [potion of mutation]
 17062 | Lair:5   | Gained mutation: You are partially covered in thin metallic scales. (AC +2) [potion of mutation]
 17062 | Lair:5   | Gained mutation: You possess an exceptional clarity of mind. [potion of mutation]
 17398 | Lair:6   | Identified the Disquisition on Excruciating Clay
 17819 | Lair:6   | Reached ***** piety under Wu Jian
 18087 | Lair:6   | Reached skill level 16 in Armour
 19722 | Lair:6   | Found a burning altar of Makhleb.
 19762 | Lair:6   | Reached skill level 17 in Armour
 19896 | Lair:6   | Found a gateway to Hell.
 20243 | Orc:1    | Entered Level 1 of the Orcish Mines
 20405 | D:10     | Reached XP level 14. HP: 129/129 MP: 13/13
 20799 | Orc:2    | Entered Level 2 of the Orcish Mines
 21197 | Orc:2    | Found a roughly hewn altar of Beogh.
 21264 | Orc:2    | Found a roughly hewn altar of Beogh.
 21266 | Orc:2    | Reached ****** piety under Wu Jian
 21297 | Orc:2    | Found a roughly hewn altar of Beogh.
 21309 | Orc:2    | Found a staircase to the Elven Halls.
 21398 | Orc:2    | Found a roughly hewn altar of Beogh.
 21448 | Orc:2    | Noticed Saint Roka
 21490 | Orc:2    | HP: 4/129 [orc warrior/glaive[Saint Roka] (12)]
 21504 | Orc:2    | Found a roughly hewn altar of Beogh.
 21511 | Orc:2    | Noticed a stone giant
 21511 | Orc:2    | Hit by a large rock thrown by a stone giant

Vault maps used:
D:1:      tarquinn_simple_flora_water_f, minmay_heptomino_h4
D:2:      wad_lake_hut, nicolae_qazlal_general_emergency, first_bread
D:3:      minmay_shallow_snake_nest
D:4:      serial_glass, glass_columns_b, glass_columns_c, uniq_blork_the_orc,
          uniq_robin
D:5:      serial_shops, nicolae_shop_crystal, hangedman_decor_peaks_small
D:6:      kennysheep_crisscross, minmay_checkerbox, uniq_edmund
D:7:      minmay_temple_entry_overgrown
D:8:      serial_shops, shop, serial_aquarium, aquarium_bridge_straight,
          aquarium_window_1, aquarium_window_fake, aquarium_window_fake,
          aquarium_view_2d, aquarium_view_2a, aquarium_balcony_3a,
          aquarium_pool_2, grunt_livestock
D:9:      lair_entry_dummy, uniq_prince_ribbit1
D:10:     orc_0_dummy, special_room, uniq_joseph, uniq_psyche, uniq_snorg,
          uniq_erolcha
Temple:   roderic_octagonal_lattice_temple
Lair:1:   disabler_island
Lair:2:   spider_nest_entry_a, st_stairs_3, uniq_sonja
Lair:3:   elwin_shoals_entry_stream, lemuel_fruit_tree,
          infiniplex_staircase_pool_2, uniq_nergalle
Lair:4:   grunt_megastairs_1, serial_bayou_shore_a
Lair:5:   slime_altar_2, serial_bayou_pond_a, grunt_megastairs_5
Lair:6:   evil_forest, eino_small_chamber_without_monster, ice2_lemuel,
          minmay_lair_oklob_chamber
Orc:2:    grunt_orc_community_town_hall, grunt_orc_community_big_house_1,
          grunt_orc_community_big_house_1, grunt_orc_community_house_1,
          grunt_orc_community_house_3, grunt_orc_community_house_1,
          grunt_orc_community_house_1, grunt_orc_community_house_2,
          grunt_orc_community_house_1, minmay_orc_temple_c

Skill      XL: |  1  2  3  4  5  6  7  8  9 10 11 12 13 |
---------------+----------------------------------------+-----
Armour         | 1 2 3 4 6 8 10 11 13 15 17 | 17.6
Axes           | 4 5 6 7 9 10 12 13 14 | 14.0
Fighting       | 4 5 6 8 9 10 11 13 | 13.4
Dodging        | 4 5 6 7 8 9 10 12 | 12.5
Stealth        | |  1.5

Action                   |  1- 3 |  4- 6 |  7- 9 | 10-12 | 13-15 || total
-------------------------+-------+-------+-------+-------+-------++-------
Melee: Hand axe          |   104 |   166 |   290 |   762 |   778 ||  2100
       Headbutt          |    16 |    23 |    62 |   171 |   206 ||   478
Throw: Tomahawk          |       |       |     7 |       |       ||     7
Invok: Serpent's Lash    |       |       |       |     1 |       ||     1
 Abil: Blink             |       |       |       |     1 |     2 ||     3
Evoke: Wand              |       |       |     5 |       |       ||     5
  Use: Scroll            |       |       |    16 |    13 |    11 ||    40
       Potion            |       |       |     3 |     2 |     5 ||    10
 Stab: Sleeping          |     4 |       |       |       |       ||     4
  Eat: Chunk             |     3 |     5 |    11 |    29 |     6 ||    54
       Meat ration       |       |     1 |       |       |       ||     1
       Bread ration      |       |       |     2 |     2 |     1 ||     5
Armor: Robe              |     4 |       |       |       |       ||     4
       Chain mail        |    51 |    81 |    42 |       |       ||   174
       Plate armour      |       |       |    87 |   412 |   518 ||  1017
Dodge: Dodged            |    43 |    65 |   110 |   380 |   452 ||  1050

Table legend:
 A = Spawn XP
 B = Non-spawn XP
 C = Spawn XP percentage of total XP
 D = Spawn monster count
 E = Non-spawn monster count
 F = Spawn count percentage of total count
 G = Total turns spent on level
                    A         B        C        D         E        F      G
               +---------+---------+-------+---------+---------+-------+---------
         Total |       0 |   73546 |   0.0 |       0 |     552 |   0.0 | 21511
               +---------+---------+-------+---------+---------+-------+---------
           D:1 |       0 |      46 |   0.0 |       0 |      29 |   0.0 |   660
           D:2 |       0 |      46 |   0.0 |       0 |      15 |   0.0 |   939
           D:3 |       0 |     204 |   0.0 |       0 |      31 |   0.0 |  1039
           D:4 |       0 |     322 |   0.0 |       0 |      17 |   0.0 |   825
           D:5 |       0 |     517 |   0.0 |       0 |      16 |   0.0 |   697
           D:6 |       0 |    1784 |   0.0 |       0 |      26 |   0.0 |   954
           D:7 |       0 |     953 |   0.0 |       0 |      22 |   0.0 |  1527
           D:8 |       0 |    4084 |   0.0 |       0 |      30 |   0.0 |  1408
           D:9 |       0 |    3029 |   0.0 |       0 |      36 |   0.0 |   990
          D:10 |       0 |    9485 |   0.0 |       0 |      51 |   0.0 |  1703
        Lair:1 |       0 |    6296 |   0.0 |       0 |      28 |   0.0 |  1523
        Lair:2 |       0 |    5113 |   0.0 |       0 |      13 |   0.0 |  1929
        Lair:3 |       0 |    4661 |   0.0 |       0 |      16 |   0.0 |  1065
        Lair:4 |       0 |    1212 |   0.0 |       0 |       7 |   0.0 |   832
        Lair:5 |       0 |    4541 |   0.0 |       0 |      14 |   0.0 |  1397
        Lair:6 |       0 |   20984 |   0.0 |       0 |      70 |   0.0 |  2702
         Orc:1 |       0 |    3631 |   0.0 |       0 |      51 |   0.0 |   422
         Orc:2 |       0 |    6638 |   0.0 |       0 |      80 |   0.0 |   712
               +---------+---------+-------+---------+---------+-------+---------
